 Dungeon Crawl Stone Soup version 0.19.0-11-g3fc08b3 (webtiles) character file.

140 Jerry the Sneak (level 5, -9/27 HPs)
             Began as a Vine Stalker Assassin on Nov 8, 2016.
             Was a Believer of Uskayaw.
             Mangled by a gnoll
             ... wielding a +0 spear
              (10 damage)
             ... on level 3 of the Dungeon.
             The game lasted 00:09:23 (2134 turns).

Jerry the Sneak (Vine Stalker Assassin)             Turns: 2134, Time: 00:09:23

Health: -9/27      AC:  4    Str: 13    XL:     5   Next: 22%
Magic:  0/6        EV: 11    Int: 11    God:    Uskayaw [**....]
Gold:   168        SH:  0    Dex: 17    Spells: 0 memorised, 4 levels left

rFire  . . .     SeeInvis .     a - +2 dagger
rCold  . . .     Gourm    .     c - +0 robe
rNeg   . . .     Faith    .     (no shield)
rPois  .         Spirit   +     h - +0 helmet
rElec  .         Reflect  .     d - +0 cloak
rCorr  .         Harm     .     (no gloves)
MR     .....                    (no boots)
Stlth  +++.......               (no amulet)
                                (no ring)
                                (no ring)

@: no status effects
A: fangs 2, regeneration 1, magic shield, antimagic bite, no device heal 3, rot
immunity
a: Stomp, Line Pass, Renounce Religion


You were on level 3 of the Dungeon.
You worshipped Uskayaw.
Uskayaw was noncommittal.
You were very hungry.

You visited 1 branch of the dungeon, and saw 3 of its levels.

You collected 168 gold pieces.

Inventory:

Hand Weapons
 a - a +2 dagger (weapon)
 b - a +0 blowgun
Missiles
 e - 8 poisoned needles
 f - 2 curare-tipped needles
Armour
 c - a +0 robe (worn)
 d - a +0 cloak (worn)
 h - a +0 helmet (worn)
Wands
 u - a wand of paralysis (17/24)
Scrolls
 i - 2 scrolls of remove curse {unknown}
 j - 2 scrolls of enchant armour {unknown}
 l - 2 scrolls of fear {unknown}
 n - 2 scrolls of immolation {unknown}
 o - 5 scrolls of identify {unknown}
 p - 2 scrolls of enchant weapon {unknown}
 v - a scroll of teleportation {unknown}
Potions
 k - 3 potions of curing {unknown}
 m - a potion of agility {unknown}
 s - a potion of berserk rage {unknown}
 t - a potion of lignification {unknown}
 x - a potion of brilliance {unknown}
Comestibles
 g - a bread ration
 q - a royal jelly
 r - a slice of pizza
 w - 2 beef jerkies


   Skills:
 + Level 2.6 Fighting
 + Level 2.8 Short Blades
 - Level 1.7 Throwing
 + Level 1.8 Armour
 - Level 0.7 Dodging
 - Level 5.6 Stealth
 + Level 0.4 Invocations


You had 4 spell levels left.
You didn't know any spells.

Dungeon Overview and Level Annotations

Branches:
Dungeon (3/15)

Altars:
Uskayaw

Annotations:
D:3 Dekarus's ghost, amateur GrEE


Innate Abilities, Weirdness & Mutations

You have extremely sharp teeth.
Your natural rate of healing is unusually fast.
When hurt, damage is shared between your health and your magic reserves.
Your bite disrupts and absorbs the magic of your enemies.
Potions and wands cannot restore your health.
You are immune to rotting.


Message History

The gnoll hits you with a spear.
You hit the gnoll but do no damage. Your bite misses the gnoll.
The gnoll is moderately wounded.
You hit the gnoll. Your bite misses the gnoll.
The gnoll is severely wounded.
The gnoll hits you with a spear!
* * * LOW HITPOINT WARNING * * *
You barely miss the gnoll.
The gnoll is severely wounded.
The gnoll hits you with a spear.
* * * LOW HITPOINT WARNING * * *
You hit the gnoll.
The gnoll is almost dead.
The gnoll hits you with a spear.
* * * LOW HITPOINT WARNING * * *
You barely miss the gnoll. Your bite misses the gnoll.
The gnoll is almost dead.
You are feeling very hungry.
The gnoll hits you with a spear!
You die...

... .... .....
#######$..... ..#
#.g)g.gg$.... #.#
#.#####......
#########.# ####.#
..... ....#.....###
####....# ....
............###.@g.####
...
.............##.#### ##
.............##.##
...........).....#
............#.##.#
............#.# ..#
....>.<รท...#..###...
..........##.##(..#..
####..######.#....#...


You could see a gnoll.

Vanquished Creatures
  3 gnolls (D:3)
  5 adders (D:2)
  A worm (D:2)
  A dart slug (D:1)
  A leopard gecko (D:1)
  An orc (D:3)
  9 bats
  A giant cockroach (D:1)
  4 goblins
  8 hobgoblins
  5 jackals (D:1)
  9 kobolds
  4 frilled lizards
  4 rats
56 creatures vanquished.

Notes
Turn   | Place    | Note
-------+----------+-------------------------------------------
     0 | D:1      | Jerry the Vine Stalker Assassin began the quest for the Orb.
     0 | D:1      | Reached XP level 1. HP: 11/11 MP: 2/2
   289 | D:1      | Reached XP level 2. HP: 15/15 MP: 3/3
   336 | D:1      | Reached skill level 5 in Stealth
   550 | D:1      | Reached skill level 1 in Armour
   752 | D:1      | Reached XP level 3. HP: 18/18 MP: 4/4
  1506 | D:2      | Gained mutation: Your natural rate of healing is unusually fast. [Vine Stalker growth]
  1506 | D:2      | Reached XP level 4. HP: 16/23 MP: 3/5
  1914 | D:3      | HP: 1/23 [orc/short sword (4)]
  1919 | D:3      | Noticed Dekarus's ghost (amateur GrEE)
  1986 | D:3      | Found a faded altar of an unknown god.
  2037 | D:3      | Found a hide-covered altar of Uskayaw.
  2041 | D:3      | Became a worshipper of Uskayaw the Reveler
  2082 | D:3      | Reached * piety under Uskayaw
  2083 | D:3      | Reached XP level 5. HP: 21/27 MP: 6/6
  2085 | D:3      | Reached ** piety under Uskayaw
  2133 | D:3      | HP: 1/27 [gnoll/spear (3)]
  2134 | D:3      | Mangled by a gnoll

Skill      XL: |  1  2 |
---------------+-------+-----
Short Blades   | 2 |  2.8
Stealth        | 5 |  5.6
Fighting       | 2 |  2.6
Armour         | 1 |  1.8
Throwing       | |  1.7
Dodging        | |  0.7
Invocations    | |  0.4

Action                   |  1- 3 |  4- 6 || total
-------------------------+-------+-------++-------
Melee: Dagger            |   107 |    90 ||   197
       Bite              |    22 |    26 ||    48
 Stab: Sleeping          |     8 |     4 ||    12
  Eat: Chunk             |     2 |     1 ||     3
Armor: Robe              |    32 |    28 ||    60
Dodge: Dodged            |    55 |    46 ||   101
